 Dungeon Crawl Stone Soup version 0.29-a0-364-g921d912d32 (webtiles) character file.

Game seed: 14158919268170538375

154 freelancePsychic the Skirmisher (level 5, -2/41 HPs)
             Began as a Djinni Monk on Apr 30, 2022.
             Slain by an orc wizard
             ... wielding a +0 dagger
              (4 damage)
             ... on level 3 of the Dungeon.
             The game lasted 00:04:19 (2789 turns).

freelancePsychic the Skirmisher (Djinni Monk)       Turns: 2789, Time: 00:04:20

Health: -2/41      AC:  2    Str: 10    XL:     5   Next: 63%
Gold:   86         EV: 13    Int: 18    God:
                   SH:  0    Dex: 15

rFire   + + .      SeeInvis .   q - +3 short sword of Neurosis {freeze, Int+4 Stlth-}
rCold   x . .      Faith    .   (no shield)
rNeg    . . .      Spirit   .   b - +0 robe
rPois   ∞          Reflect  .   (no helmet)
rElec   .          Harm     .   (no cloak)
rCorr   .          Rampage  .   (no gloves)
Will    .....                   (boots unavailable)
Stlth   +.........              i - amulet of regeneration
HPRegen 0.93/turn               (no ring)
MPRegen 0.00/turn               (no ring)

@: flying
A: sickness immunity, fire resistance 2, cold vulnerability 1, float, innate
caster, HP casting, extra vitality 1
a: no special abilities


You were on level 3 of the Dungeon.
You visited 1 branch of the dungeon, and saw 4 of its levels.

You collected 86 gold pieces.

Inventory:

Hand Weapons
 a - a +0 falchion
 k - a +0 short sword of draining
 q - the +3 short sword of Neurosis (weapon) {freeze, Int+4 Stlth-}
   (You found it on level 3 of the Dungeon)

   It freezes those it strikes, dealing additional cold damage.
   It can also slow down cold-blooded creatures.
   Int:       It affects your intelligence (+4).
   Stlth:     It makes you less stealthy.
 s - a +4 dagger
Missiles
 f - 13 poisoned darts (quivered)
Armour
 b - a +0 robe (worn)
Jewellery
 i - an amulet of regeneration (around neck)
Scrolls
 d - 3 scrolls of identify {unknown}
 e - a scroll of holy word {unknown}
 h - 2 scrolls of blinking {unknown}
 n - a scroll of brand weapon {unknown}
 o - a scroll of noise {unknown}
 p - a scroll of immolation {unknown}
 r - a scroll of enchant armour {unknown}
Potions
 c - a potion of haste {unknown}
 g - a potion of invisibility {unknown}
 j - a potion of berserk rage {unknown}
 l - a potion of heal wounds {@q2}
 m - a potion of resistance {unknown}


   Skills:
 + Level 4.0 Fighting
 - Level 0.5(2.4) Short Blades
 - Level 3.8 Long Blades
 - Level 3.2 Dodging
 - Level 1.5 Stealth
 * Level 1.8 Spellcasting


You had 4 spell levels left.
You knew the following spells:

 Your Spells              Type           Power      Damage    Failure   Level
a - Apportation           Tloc           16%        N/A       9%          1
b - Static Discharge      Conj/Air       8%         N/A       13%         2
Your spell library was empty.

Dungeon Overview and Level Annotations

Branches:
Dungeon (4/15)
 Temple: D:4-7

Altars:


Innate Abilities, Weirdness & Mutations

You are immune to sickness and miasma.
You are immune to poison.
Your flesh is very heat resistant. (rF++)
You are vulnerable to cold. (rC-)
You float through the air rather than walking.
You learn spells naturally, not from books.
Your magical power is your life essence.
You have superior vitality. (+4 MHP)


Message History

The orc hits you with a +0 club. Something hits you.
You barely miss something. The orc barely misses you.
Something hits you but does no damage.
You bump into the rock wall.
The orc completely misses you. Something hits you. Something hits you.
The orc hits you with a +0 club.
You bump into the rock wall.
You feel less confused. The orc hits you with a +0 club.
You hear some strange, mumbled words.
A magic dart appears from out of thin air!
The magic dart hits you!
You closely miss the orc. The orc hits you with a +0 club. Something hits you.
Casting: Static Discharge (safe; 13% risk of failure)
Confirm with . or Enter, or press ? or * to list all spells.
The orc is struck by an arc of lightning.
The orc is severely wounded.
The lightning grounds out.
The orc hits you with a +0 club. Something hits you.
* * * LOW HITPOINT WARNING * * *
Casting: Static Discharge (safe; 13% risk of failure)
Confirm with . or Enter, or press ? or * to list all spells.
The orc is struck by an arc of lightning.
You kill the orc!
The lightning grounds out.
* * * LOW HITPOINT WARNING * * *
Something hits you.
* * * LOW HITPOINT WARNING * * *
Casting: Static Discharge (safe; 13% risk of failure)
Confirm with . or Enter, or press ? or * to list all spells.
Something is struck by an arc of lightning.
The lightning grounds out.
* * * LOW HITPOINT WARNING * * *
Something hits you.
* * * LOW HITPOINT WARNING * * *
Casting: Static Discharge (safe; 13% risk of failure)
Confirm with . or Enter, or press ? or * to list all spells.
Something is struck by an arc of lightning.
The lightning grounds out.
* * * LOW HITPOINT WARNING * * *
Something hits you.
You die...

#....######...# #....# #........
.....'..<.....# #....# #........
#....#........###....############
######........................#
.# #........................#
.########........#............#
.##..........>...#............#
.##..............#............#
.''............)@###..........#
.##...(........{.# #..........#
.##......####'#### #..........#
###......# #.# #..........#
#......# #.# #..........#
#......# #.# ############
#......# #.# #......####.#
#......'....#


There were no monsters in sight!

Vanquished Creatures
  A hound (D:3)
  2 adders (D:2)
  2 worms (D:2)
  3 dart slugs
  9 orcs
  3 endoplasms
  5 giant cockroaches
  12 goblins
  7 hobgoblins
  4 jackals (D:1)
  2 quokkas
  9 ball pythons
  3 bats
  2 frilled lizards (D:1)
  6 kobolds
  6 rats
76 creatures vanquished.

Notes
Turn   | Place    | Note
-------+----------+-------------------------------------------
     0 | D:1      | freelancePsychic the Djinni Monk began the quest for the
                  | Orb.
     0 | D:1      | Reached XP level 1. HP: 20/20 MP: 0/0
   100 | D:1      | Found a faded altar of an unknown god.
   117 | D:1      | Reached XP level 2. HP: 22/25 MP: 0/0
   525 | D:1      | Reached XP level 3. HP: 23/30 MP: 0/0
   525 | D:1      | Learned a level 1 spell: Apportation
   979 | D:1      | You are sucked into a shaft and drop 1 floor!
  1346 | D:2      | Reached XP level 4. HP: 35/35 MP: 0/0
  1984 | D:2      | Reached skill level 1 in Spellcasting
  2035 | D:3      | Reached XP level 5. HP: 41/41 MP: 0/0
  2035 | D:3      | Learned a level 2 spell: Static Discharge
  2105 | D:3      | Reached skill level 4 in Fighting
  2451 | D:3      | Identified the +3 short sword of Neurosis {freeze, Int+4
                  | Stlth-}
  2789 | D:3      | Slain by an orc wizard

Illustrated notes

Levels and vault maps discovered:
D:1:      lightli_arrival_statue_moat, layout_basic,
          dreamdust_ecumenical_altar_statues
D:2:      layout_basic
D:3:      layout_basic
D:4:      layout_basic, minmay_temple_entry_offerings

Skill      XL: |  1  2  3  4  5 |
---------------+----------------+-----
Long Blades    | 3 |  3.8
Spellcasting   | 1 |  1.8
Fighting       | 4 |  4.0
Short Blades   | |  0.5
Dodging        | |  3.2
Stealth        | |  1.5

Action                   |  1- 3 |  4- 6 || total
-------------------------+-------+-------++-------
Melee: Falchion          |    96 |    12 ||   108
       Punch             |     3 |     1 ||     4
       Short sword       |       |    76 ||    76
Throw: Dart              |     6 |    19 ||    25
 Cast: Apportation       |     4 |       ||     4
       Static Discharge  |       |    14 ||    14
  Use: Potion            |     2 |     1 ||     3
 Stab: Sleeping          |     5 |       ||     5
       Distracted        |       |     1 ||     1
Armor: Robe              |    12 |    12 ||    24
Dodge: Dodged            |    91 |    65 ||   156

Table legend: (Time is in decaauts)
 A = Elapsed time spent in this place.
 B = Non-inter-level travel time spent in this place.
 C = Inter-level travel time spent in this place.
 D = Time resting spent in this place.
 E = Time spent auto-exploring this place.
 F = Levels seen in this place.
 G = Mean time per level.
                   A        B        C        D        E       F      G
               +--------+--------+--------+--------+--------+-----+--------+
         Total |   2803 |   2735 |     68 |     17 |   2148 |   4 |  700.8 |
       Dungeon |   2803 |   2735 |     68 |     17 |   2148 |   4 |  700.8 |
               +--------+--------+--------+--------+--------+-----+--------+

Top non-repeatable levels by time:
     D:1: 1231 daAuts
     D:2: 795 daAuts
     D:3: 752 daAuts
     D:4: 24 daAuts
